 Dungeon Crawl Stone Soup version 0.29-a0-845-g6161e89988 (webtiles) character file.

Game seed: 308158984008431416

601 porpoise the Poker (level 7, 0/57 HPs)
             Began as a Barachi Warper on July 16, 2022.
             Slain by Dowan
             ... wielding a +0 dagger
              (3 damage)
             ... on level 5 of the Dungeon.
             The game lasted 00:18:04 (6411 turns).

porpoise the Poker (Barachi Warper)                 Turns: 6411, Time: 00:18:05

Health: 0/57       AC:  6    Str: 14    XL:     7   Next: 41%
Magic:  7/7        EV:  9    Int: 13    God:
Gold:   188        SH:  6    Dex: 12    Spells: 5/10 levels left

rFire   + . .      SeeInvis .   a - +9 dagger "Fixufemm" {drain, rF+ rN+++ Will+ rCorr}
rCold   . . .      Faith    .   f - +0 kite shield
rNeg    + + +      Spirit   .   t - +0 ring mail
rPois   .          Reflect  .   v - +0 helmet
rElec   .          Harm     .   (no cloak)
rCorr   +          Rampage  .   (no gloves)
Will    +....                   (no boots)
Stlth   +.........              (no amulet)
HPRegen 0.19/turn               (no ring)
MPRegen 0.10/turn               (no ring)

@: slow
A: amphibious, slowness 1, strong legs 1, +LOS, low MP 3
a: Hop


You were on level 5 of the Dungeon.
You visited 1 branch of the dungeon, and saw 5 of its levels.

You collected 188 gold pieces.

Inventory:

Hand Weapons
 a - the +9 dagger "Fixufemm" (weapon) {drain, rF+ rN+++ Will+ rCorr}
   (You took it off an orc on level 5 of the Dungeon)

   A truly terrible weapon, it drains the life of any living foe it strikes.
   rF:        It protects you from fire.
   rN:        It renders you almost immune to negative energy.
   rCorr:     It protects you from acid and corrosion.
   Will:      It increases your willpower.
 b - a +0 sling
 w - a +1 spear
Missiles
 k - 7 boomerangs (quivered)
 s - 6 poisoned darts
Armour
 f - a +0 kite shield (worn)
 t - a +0 ring mail (worn)
 v - a +0 helmet (worn)
Magical Staves
 j - a staff of conjuration
Wands
 r - a wand of mindburst (21)
 u - a wand of digging (5)
Scrolls
 c - a scroll of blinking
 g - a scroll of noise
 h - a scroll of teleportation
 m - a scroll of poison {unknown}
 n - a scroll of enchant armour {unknown}
Potions
 e - a potion of lignification
 i - a potion of mutation
 o - a potion of berserk rage


   Skills:
 + Level 5.8 Fighting
 * Level 6.6 Polearms
 - Level 1.0 Throwing
 - Level 1.2 Armour
 - Level 2.1 Dodging
 - Level 2.1 Spellcasting
 - Level 3.2 Translocations


You had 5 spell levels left.
You knew the following spells:

 Your Spells              Type           Power      Damage    Failure   Level
b - Lesser Beckoning      Tloc           9%         N/A       82%         3
k - Blink                 Tloc           18%        N/A       58%         2

Your spell library contained the following spells:

 Spells                   Type           Power      Damage    Failure   Level
 Gell's Gravitas          Tloc           9%         N/A       82%         3
 Teleport Other           Tloc           9%         N/A       82%         3
 Shock                    Conj/Air       4%         1d3       88%         1
 Summon Small Mammal      Summ           4%         N/A       88%         1
 Sublimation of Blood     Necr           1%         N/A       96%         2
 Call Canine Familiar     Summ           1%         N/A       99%         3
 Summon Guardian Golem    Hex/Summ       1%         N/A       99%         3
 Swiftness                Air            1%         N/A       99%         3
 Airstrike                Air            0%         0-2+      100%        4
 Petrify                  Tmut/Erth      1%         N/A       100%        4
 Summon Lightning Spire   Summ/Air       1%         N/A       100%        4
 Irradiate                Conj/Tmut      0%         3d11      100%        5
 Manifold Assault         Tloc           9%         N/A       100%        5
 Storm Form               Tmut/Air       0%         N/A       100%        7
 Maxwell's Capacitive Co  Air            0%         ∞         100%        8


Dungeon Overview and Level Annotations

Branches:
Dungeon (5/15)
 Temple: D:4-7

Altars:
Ashenzari
Okawaru

Annotations:
D:4 Eustachio
D:5 Dowan, Duvessa


Innate Abilities, Weirdness & Mutations

You are amphibious.
You cover ground slowly.
You can hop short distances.
You have an extended range of vision and can be seen from far away.
Your magical capacity is extremely low. (-30% MP)


Message History

Your surroundings suddenly seem different.
You start resting.
Duvessa is nearby!
Duvessa shouts!
You hear a shout!
Okay, then.
Unknown command.
Throw: 3 boomerangs (disperse)
Press: ? - help, Q - select action, (/) - cycle Shift-Dir - straight line, f - Duvessa
Aim: Duvessa, wielding a +0 short sword and wearing a +0 ring mail (heavily wounded, fast, lightly drained, 67% to hit)
You throw a boomerang of dispersal.
The boomerang of dispersal barely misses Duvessa.
Duvessa seems less drained.
Throw: 2 boomerangs (disperse)
Press: ? - help, Q - select action, (/) - cycle Shift-Dir - straight line, f/p - Duvessa
Aim: Duvessa, wielding a +0 short sword and wearing a +0 ring mail (heavily wounded, fast, 67% to hit)
You throw a boomerang of dispersal.
The boomerang of dispersal hits Duvessa but does no damage.
Duvessa is heavily wounded.
You block Duvessa's attack. x2
Throw: boomerang (disperse)
Press: ? - help, Q - select action, (/) - cycle Shift-Dir - straight line, f/p - Duvessa
Aim: Duvessa, wielding a +0 short sword and wearing a +0 ring mail (heavily wounded, fast, 67% to hit)
You throw a boomerang of dispersal.
The boomerang of dispersal completely misses Duvessa.
Dowan shouts!
Duvessa barely misses you. Duvessa hits you with a +0 short sword.
* * * LOW HITPOINT WARNING * * *
Dowan drinks a potion.
Dowan seems to speed up.
Aiming: Mindburst
Press: ? - help, Shift-Dir - straight line, f/p - Duvessa
Aim: Duvessa, wielding a +0 short sword and wearing a +0 ring mail (heavily wounded, fast, chance to affect: 47%) Duvessa resists with some effort.
The orc shouts!
You block Duvessa's attack.
Aiming: Mindburst
Press: ? - help, Shift-Dir - straight line, f/p - Duvessa
Aim: Duvessa, wielding a +0 short sword and wearing a +0 ring mail (heavily wounded, fast, chance to affect: 47%) Duvessa's mind is blasted!
Duvessa closely misses you. Dowan hits you with a +0 dagger.
You die...

#...............#
#......##########
#......##.....#
#......##.###.#
#......'....#.#
#......##.....#
#.....o##.....# #
#.....e##.....# #
#....e@##.....# #
#......##....##########
#......##....'........'
#####+####.e.##########
#.####)†.# # #....eo[.#
# ######...# # ##### #


You could see Duvessa (fast), Dowan (fast) and an orc.

Vanquished Creatures
  A gnoll sergeant (D:5)
  A necrophage (D:5)
  3 hounds
  3 orc priests
  A jelly (D:5)
  3 iguanas (D:5)
  3 gnolls (D:5)
  5 adders
  2 ufetubi
  A worm (D:3)
  A dart slug (D:1)
  24 orcs
  3 endoplasms
  4 giant cockroaches
  2 goblins
  6 hobgoblins
  4 quokkas
  4 ball pythons
  5 bats
  2 frilled lizards
  14 kobolds
  4 rats
96 creatures vanquished.

Notes
Turn   | Place    | Note
-------+----------+-------------------------------------------
     0 | D:1      | porpoise the Barachi Warper began the quest for the Orb.
     0 | D:1      | Reached XP level 1. HP: 17/17 MP: 3/3
   102 | D:1      | Reached XP level 2. HP: 23/23 MP: 5/5
   596 | D:1      | Found a faded altar of an unknown god.
  1205 | D:2      | Reached skill level 3 in Polearms
  1282 | D:2      | Reached XP level 3. HP: 29/29 MP: 6/6
  1600 | D:2      | Learned a level 3 spell: Lesser Beckoning
  1618 | D:2      | Found an iron altar of Okawaru.
  1743 | D:2      | Reached XP level 4. HP: 27/35 MP: 7/7
  2352 | D:2      | Learned a level 2 spell: Blink
  2761 | D:3      | Reached skill level 4 in Polearms
  2958 | D:3      | Reached XP level 5. HP: 22/42 MP: 8/8
  4096 | D:4      | Reached skill level 5 in Polearms
  4289 | D:4      | Reached XP level 6. HP: 48/49 MP: 9/9
  4313 | D:4      | Noticed Eustachio
  4321 | D:5      | Entered Level 5 of the Dungeon
  4479 | D:5      | Gained mutation: Your magical capacity is low. (-10% MP)
                  | [potion of mutation]
  4479 | D:5      | Gained mutation: Your magical capacity is very low. (-20%
                  | MP) [potion of mutation]
  4479 | D:5      | Gained mutation: Your magical capacity is extremely low.
                  | (-30% MP) [potion of mutation]
  4734 | D:5      | Reached skill level 5 in Fighting
  4958 | D:5      | HP: 2/51 [iguana (10)]
  5323 | D:5      | Identified the +9 dagger "Fixufemm" {drain, rF+ rN+++ Will+
                  | rCorr}
  5346 | D:5      | Reached skill level 6 in Polearms
  5667 | D:5      | Found a broken altar of Ashenzari.
  5707 | D:5      | Reached XP level 7. HP: 49/56 MP: 7/7
  6212 | D:4      | Noticed Duvessa
  6214 | D:4      | Noticed Dowan
  6386 | D:5      | HP: 2/57 [Duvessa/+0 short sword (4)]
  6409 | D:5      | HP: 2/57 [Duvessa/+0 short sword (4)]
  6411 | D:5      | Slain by Dowan

Illustrated notes

Levels and vault maps discovered:
D:1:      spicycebolla_arrival_risky_transporter, layout_loops_ring,
          shapermc_ecumenical_altar_petra
D:2:      layout_basic, basic_altar
D:3:      layout_rooms
D:4:      minmay_chambers_of_fours, layout_layer_cave, uniq_eustachio,
          uniq_menkaure, uniq_duvessa
D:5:      layout_basic, mainiacjoe_overflow_small_starburst

Skill      XL: |  1  2  3  4  5  6 |
---------------+-------------------+-----
Fighting       | 3 4 5 |  5.8
Polearms       | 3 4 5 6 |  6.6
Throwing       | |  1.0
Armour         | |  1.2
Dodging        | |  2.1
Spellcasting   | |  2.1
Translocations | |  3.2

Action                   |  1- 3 |  4- 6 |  7- 9 || total
-------------------------+-------+-------+-------++-------
Melee: Spear             |   103 |   300 |       ||   403
       Punch             |       |     2 |       ||     2
       Dagger            |       |    10 |    43 ||    53
 Fire: Sling             |       |    20 |     2 ||    22
Throw: Boomerang         |       |     4 |     3 ||     7
Evoke: Wand              |       |       |     2 ||     2
  Use: Scroll            |       |     9 |     2 ||    11
       Potion            |       |     7 |       ||     7
 Stab: Sleeping          |       |     1 |       ||     1
Armor: Leather armour    |    15 |    24 |       ||    39
       Ring mail         |       |    36 |    19 ||    55
       Skin              |       |     3 |       ||     3
Dodge: Dodged            |    47 |   139 |    34 ||   220
Block: Kite shield       |       |    20 |    23 ||    43

Table legend: (Time is in decaauts)
 A = Elapsed time spent in this place.
 B = Non-inter-level travel time spent in this place.
 C = Inter-level travel time spent in this place.
 D = Time resting spent in this place.
 E = Time spent auto-exploring this place.
 F = Levels seen in this place.
 G = Mean time per level.
                   A        B        C        D        E       F      G
               +--------+--------+--------+--------+--------+-----+--------+
         Total |   6879 |   6618 |    261 |   3157 |   2390 |   5 | 1375.8 |
       Dungeon |   6879 |   6618 |    261 |   3157 |   2390 |   5 | 1375.8 |
               +--------+--------+--------+--------+--------+-----+--------+

Top non-repeatable levels by time:
     D:5: 2172 daAuts
     D:2: 1689 daAuts
     D:3: 1565 daAuts
     D:1: 1237 daAuts
     D:4: 213 daAuts
